cohdb
Replays
Latest Replays
All Replays
Popular Replays
Top Player Replays
Match Explorer
How It Works
Community
CoH3 Stats
Reddit
Sign in to upload your games and track your stats! →
Sign in with Steam
Match 43760142
Unlisted
Match 43760142
Overview
Messages
Build Orders
End
Construct Barracks
Selects Heavy Weapons
Riflemen Squad
M1 Mortar Team
Riflemen Squad
Construct Weapon Support Center
Mechanized Support Center
M1919 Machine Gun Team
Selects M2HB .50cal Heavy Machine Gun
M3 Armored Personnel Carrier
M3 Armored Personnel Carrier
TonGGien
apicton
Spicywolf
Papa Shango
Husar
Felipe
0
0
Comments
sign in to comment!
No comments posted yet!